 Dungeon Crawl Stone Soup version 0.26-a0-30-g56b8cd3df0 (webtiles) character file.

Game seed: 16560683546922546158, levelgen mode: deterministic

15 Lanoc the Skirmisher (level 2, 0/19 HPs)
             Began as a Gargoyle Berserker on June 3, 2020.
             Was a Follower of Trog.
             Slain by an orc priest
             ... wielding a +0 club
              (3 damage)
             ... on level 3 of the Dungeon.
             The game lasted 00:02:22 (143 turns).

Lanoc the Skirmisher (Gargoyle Berserker)            Turns: 143, Time: 00:02:25

Health: 0/19       AC:  5    Str: 20    XL:     2   Next: 50%
Magic:  2/2        EV: 12    Int:  7    God:    Trog [*.....]
Gold:   15         SH:  0    Dex:  9    Spells: 1/1 levels left

rFire    . . .     SeeInvis .   a - +0 mace
rCold    . . .     Gourm    .   (no shield)
rNeg     + . .     Faith    .   b - +0 animal skin
rPois    ∞         Spirit   .   (no helmet)
rElec    +         Reflect  .   (no cloak)
rCorr    .         Harm     .   (no gloves)
MR       .....                  (no boots)
Stlth    +.........             (no amulet)
HPRegen  0.06/turn              (no ring)
MPRegen  0.08/turn              (no ring)

@: berserk cooldown, slowed, very slow
A: negative energy resistance 1, electricity resistance, unbreathing,
petrification resistance, rot immunity, AC +2
a: Berserk, Renounce Religion


You were on level 3 of the Dungeon.
You worshipped Trog.
Trog was aware of your devotion.
You were not hungry.

You visited 1 branch of the dungeon, and saw 3 of its levels.

You collected 15 gold pieces.

Inventory:

Hand Weapons
 a - a +0 mace (weapon)
Armour
 b - a +0 animal skin (worn)
Scrolls
 f - a scroll of enchant armour {unknown}
Comestibles
 c - a ration
 g - a chunk of flesh


   Skills:
 + Level 3.4 Fighting
 * Level 3.3 Maces & Flails
 + Level 2.4 Armour
 + Level 1.8 Dodging


You had one spell level left.
You didn't know any spells.
Your spell library was empty.

Dungeon Overview and Level Annotations

Branches:
Dungeon (3/15)

Altars:
Ru
Beogh


Innate Abilities, Weirdness & Mutations

You are resistant to torment.
Your stone body is resilient. (AC +2)
You are immune to poison.
You resist negative energy. (rN+)
You are resistant to electric shocks. (rElec)
You can survive without breathing.
You are immune to petrification.
You are immune to rotting.


Message History

Okay, then.
You slide downwards.
The hatch slams shut behind you.
You hear the sound of rushing water.
There is an entrance to a sewer on this level.
Hurry and find it before the portal rusts away!
An orc and 2 orc priests come into view.
The orc priest shouts!
The orc shouts!
Found 63 gold pieces.
Found a roughly hewn altar of Beogh.
You don't know any spells.
You aren't carrying any potions.
As you read the scroll labeled VOLYCI ECUOTA, it crumbles to dust.
You smell coffee.
It was a scroll of random uselessness.
The orc priest completely misses you.
As you read the scroll labeled GECAFU BUAZEYMUI, it crumbles to dust.
You feel blessed for a moment.
It was a scroll of remove curse.
The orc priest hits you with a +0 club.
* * * LOW HITPOINT WARNING * * *
The orc priest completely misses you. The orc hits you but does no damage.
The orc priest hits you but does no damage.
The orc priest hits you with a +0 club.
You die...

#####
##.$$##
#.8o8$#
+...@o#
#.8o8$#
##..$##
#####


You could see 2 orc priests and an orc.

Vanquished Creatures
  An ooze (D:2)
  A leopard gecko (D:2)
  A goblin (D:1)
  A hobgoblin (D:2)
  2 kobolds (D:1)
  A quokka (D:2)
  A bat (D:2)
  A frilled lizard (D:2)
  A rat (D:2)
10 creatures vanquished.

Notes
Turn   | Place    | Note
-------+----------+-------------------------------------------
     0 | D:1      | Lanoc the Gargoyle Berserker began the quest for the Orb.
     0 | D:1      | Reached XP level 1. HP: 14/14 MP: 1/1
   100 | D:2      | Found a sacrificial altar of Ru.
   106 | D:2      | Reached XP level 2. HP: 16/19 MP: 2/2
   141 | D:3      | Found a roughly hewn altar of Beogh.
   143 | D:3      | Slain by an orc priest

Illustrated notes

Levels and vault maps discovered:
D:1:      eino_arrival_water_star, layout_basic
D:2:      layout_rooms, old_standard_altar, first_ration, moated_statue,
          uniq_natasha
D:3:      layout_loops_ring, cheibrodos_sewer_entry_sluice,
          kennysheep_orc_chapel

Action                   || total
-------------------------++-------
Melee: Mace              ||    25
Invok: Berserk           ||     1
  Use: Scroll            ||     2
 Stab: Sleeping          ||     1
Armor: Animal skin       ||     7
Dodge: Dodged            ||    18

Table legend:
 A = Non-vault XP
 B = Vault XP
 C = Vault XP percentage of total XP
 D = Non-vault monster count
 E = Vault monster count
 F = Vault count percentage of total count
                 A         B        C        D         E       F
            +---------+---------+-------+---------+---------+-------
      Total |      22 |       0 |   0.0 |      10 |       0 |   0.0
            +---------+---------+-------+---------+---------+-------
        D:1 |       5 |       0 |   0.0 |       3 |       0 |   0.0
        D:2 |      17 |       0 |   0.0 |       7 |       0 |   0.0
            +---------+---------+-------+---------+---------+-------
